nht, chaotic female elven Wizard ---- |..--- |....-- ...h..| --.@.| |-GG| -...- |...... ........--------- .h.........%..... -......[).----.<. ---.......| ... -....%..| --.....| |....- --... --- nht the Conjurer Experience level: 3 Strength: 9 Dexterity: 13 Constitution: 13 Intelligence: 15 Wisdom: 12 Charisma: 10 Health: 0(27) Energy: 29(33) Def: 1 Gold: 268 Moves: 652 Dungeon seed: 0pEi4XaaP7hHeoEm Game ID: nht_1430678795 Your Inventory: Coins $ - 268 gold pieces Weapons a - a blessed +1 quarterstaff (weapon in hands) Armor e - an uncursed +0 cloak of magic resistance (being worn) Scrolls i - an uncursed scroll of create monster j - an uncursed scroll of enchant armor k - an uncursed scroll of earth x - an uncursed scroll of scare monster A - an uncursed scroll of teleportation Spellbooks l - a blessed spellbook of force bolt m - a blessed spellbook of magic missile n - an uncursed spellbook of identify Potions f - a blessed potion of sleeping g - an uncursed potion of gain energy h - an uncursed potion of see invisible w - an uncursed potion of extra healing Rings c - an uncursed +1 ring of gain constitution d - an uncursed ring of polymorph control B - an uncursed -1 ring of gain constitution Wands b - a wand of striking (0:6) y - a wand of lightning (0:6) Tools o - a magic marker (0:45) p - an uncursed tooled horn z - an uncursed partly used tallow candle (lit) (0:163) Gems q - 3 uncursed worthless pieces of red glass Spells known in the end: Name Level Category Fail Memory a - force bolt 1 attack 0% 97% b - magic missile 2 attack 0% 97% c - identify 3 divination 100% 97% Your skills at the end: Fighting Skills Weapon Skills quarterstaff [Basic] Spellcasting Skills attack spells [Basic] enchantment spells [Basic] Final Attributes: You were piously aligned. You were magic-protected. You had infravision. You were lucky. You are dead. Vanquished creatures: a dwarf 5 gnomes 2 goblins 4 grid bugs a kobold zombie 3 newts 16 creatures vanquished. Voluntary challenges: You went without food. You were an atheist. You used a wielded weapon 19 times, starting on turn 21. You read items or engraved 3 times, starting on turn 603. You never genocided any monsters. You never polymorphed an object. You never changed form. You used no wishes. You never split a pudding. You wrote Elbereth's name 2 times, starting on turn 603. You never violated your personal moral code. Dungeon overview: The Dungeons of Doom: levels 1 to 4 Level 1 a long staircase Level 2 a general store Level 3 stairs to The Gnomish Mines Level 4 The Gnomish Mines: Level 4 <- You were here stairs to The Dungeons of Doom History has recorded: On T:1 you entered the Dungeons of Doom to retrieve the Amulet of Yendor! On T:85 you reached level 2 of The Dungeons of Doom. On T:111 you reached level 3 of The Dungeons of Doom. On T:466 you reached level 4 of The Dungeons of Doom. On T:607 you reached level 1 of The Gnomish Mines. On T:612 you advanced to experience level 2. On T:621 you advanced to experience level 3. Score breakdown: Gold: 268 ( 8265 points) Experience: 3 levels ( 7878 points) Exploration: 4 levels ( 8.51%) ( 7661 points) Discoveries: 0 items ( 0.00%) ( 0 points) Valuables value: (no points given unless you survive) Artifact value: 0 ( 0 points) Variety of kills: 6 monsters ( 1.58%) ( 3774 points) Time penalty: 652 turns ( 0 points) Survival: died (score multiplied by 80%) Total score: 22062 Latest messages: You see here a dark brown spellbook. The jar crashes on the gnome lord's body and breaks into shards. The potion of sleeping evaporates. The gnome lord falls asleep. You feel rather tired. It hits! its tentacles suck you! Your brain is eaten! You feel stupid! The combat suddenly awakens you. The master mind flayer's tentacles suck you! Your brain is eaten! You feel very stupid! The master mind flayer's tentacles suck you! Your brain is eaten! You feel stupid! You die... Final status: Goodbye nht the Wizard, killed by a master mind flayer... You died in The Gnomish Mines on dungeon level 4 with 22062 points, and 268 pieces of gold, after 652 moves. You were level 3 with a maximum of 27 hit points when you died.